 Dungeon Crawl Stone Soup version 0.27.0-1-g7a089689b8 (webtiles) character file.

Game seed: 2407056850484892626

55 ZARRMARR the Vexing (level 3, -1/28 HPs)
             Began as a Gnoll Arcane Marksman on Aug 9, 2021.
             Slain by a phantom (5 damage)
             ... on level 2 of the Dungeon.
             The game lasted 00:09:59 (1310 turns).

ZARRMARR the Vexing (Gnoll Arcane Marksman)         Turns: 1310, Time: 00:10:00

Health: -1/28      AC:  3    Str:  9    XL:     3   Next: 93%
Magic:  7/7        EV: 13    Int: 12    God:
Gold:   62         SH:  0    Dex: 13    Spells: 4/7 levels left

rFire    . . .     SeeInvis .   e - +0 short sword
rCold    . . .     Faith    .   (no shield)
rNeg     . . .     Spirit   .   d - +0 robe
rPois    .         Reflect  .   (no helmet)
rElec    .         Harm     .   f - +0 cloak
rCorr    .         Rampage  .   (no gloves)
Will     .....                  (no boots)
Stlth    ++........             i - amulet of regeneration
HPRegen  1.09/turn              (no ring)
MPRegen  0.10/turn              (no ring)

@: no status effects
A: fangs 1, strong nose, distributed training
a: no special abilities


You were on level 2 of the Dungeon.
You visited 1 branch of the dungeon, and saw 2 of its levels.

You collected 62 gold pieces.

Inventory:

Hand Weapons
 a - a +0 shortbow
 e - a +0 short sword (weapon)
Missiles
 c - 26 arrows
 h - 61 stones (quivered)
Armour
 d - a +0 robe (worn)
 f - a +0 cloak (worn)
 k - a scarf of shadows
Jewellery
 i - an amulet of regeneration (around neck)
Scrolls
 b - a scroll of enchant weapon {unknown}
 j - a scroll of holy word {unknown}
Potions
 g - a potion of degeneration {unknown}


   Skills:
 + Level 2.6 Fighting
 + Level 1.0 Short Blades
 + Level 1.0 Long Blades
 + Level 1.0 Axes
 + Level 1.0 Maces & Flails
 + Level 1.0 Polearms
 + Level 1.0 Staves
 + Level 1.0 Slings
 + Level 4.6 Bows
 + Level 1.0 Crossbows
 + Level 1.0 Throwing
 + Level 1.0 Armour
 + Level 4.6 Dodging
 + Level 1.0 Stealth
 + Level 1.0 Shields
 + Level 1.0 Unarmed Combat
 + Level 2.9 Spellcasting
 + Level 0.7 Conjurations
 + Level 5.4 Hexes
 + Level 0.7 Summonings
 + Level 0.7 Necromancy
 + Level 0.7 Translocations
 + Level 0.7 Transmutations
 + Level 0.7 Fire Magic
 + Level 0.7 Ice Magic
 + Level 0.7 Air Magic
 + Level 0.7 Earth Magic
 + Level 0.7 Poison Magic
 + Level 1.0 Invocations
 + Level 1.0 Evocations


You had 4 spell levels left.
You knew the following spells:

 Your Spells              Type           Power      Damage    Failure   Level
a - Corona                Hex            15%        N/A       2%          1
b - Slow                  Hex            14%        N/A       4%          2

Your spell library contained the following spells:

 Spells                   Type           Power      Damage    Failure   Level
 Inner Flame              Hex/Fire       9%         N/A       22%         3
 Portal Projectile        Hex/Tloc       18%        N/A       22%         3
 Cause Fear               Hex            7%         N/A       26%         4


Dungeon Overview and Level Annotations

Branches:
Dungeon (2/15)

Altars:

Shops:
D:1 =


Innate Abilities, Weirdness & Mutations

You have very sharp teeth.
Your uncanny sense of smell can sniff out nearby items.
Your experience applies equally to all skills.


Message History

The phantom is moderately damaged.
The phantom hits you!
You hit the phantom.
The phantom is heavily damaged.
The phantom closely misses you.
You hit the phantom. Your bite misses the phantom.
The phantom is heavily damaged.
The bat barely misses you. The phantom barely misses you.
You hit the phantom but do no damage.
The phantom is heavily damaged.
The bat closely misses you. The phantom misses you.
You hit the phantom but do no damage.
The phantom is heavily damaged.
The bat misses you.
The phantom hits you but does no damage.
You barely miss the phantom. Your bite misses the phantom.
The phantom is heavily damaged.
The bat misses you. The phantom hits you.
The phantom blinks!
You blink.
Found 9 gold pieces.
You closely miss the phantom.
The phantom is heavily damaged.
The phantom misses you.
You barely miss the phantom.
The phantom is heavily damaged.
The bat hits you but does no damage. The phantom closely misses you.
The bat barely misses you.
You hit the phantom but do no damage. Your bite misses the phantom.
The phantom is heavily damaged.
The bat hits you but does no damage. The phantom hits you.
You hit the worm but do no damage. The bat closely misses you.
The phantom barely misses you.
You hit the worm.
The worm is lightly wounded.
The phantom hits you!
* * * LOW HITPOINT WARNING * * *
The phantom blinks!
You blink.
You hit the phantom.
The phantom is severely damaged.
The phantom hits you.
You die...

##..#..#### #.#.# #.#
........# ##.#.## #.#.###.#
#...####.# #.#.# . #.#...#..
.........# ..#.# #...
#.###.### #.#..##..# ###.#
#...##.###.# #.##.##..#
.###..........# #.##..#..#
..............# #.# #.#..#
..........W...# #.# #....†
.........b.@.######.####....
......?..w....(.(...........
.......§....(....###.###....
.....#....$..###.# #.#....#†
... #....(..# #.###.#.#..#.
. #.......# #.#...#)##.##
##.....## #.#.###......
..#####.# #.#........># .#
#.##.#..........


You could see a phantom, a worm and a bat.

Vanquished Creatures
  A gnoll (D:1)
  An adder (D:2)
  A dart slug (D:1)
  6 ball pythons
  An endoplasm (D:1)
  A giant cockroach (D:1)
  5 goblins
  2 hobgoblins (D:1)
  3 jackals (D:2)
  A quokka (D:1)
  5 bats
  3 kobolds
  2 rats (D:1)
32 creatures vanquished.

Notes
Turn   | Place    | Note
-------+----------+-------------------------------------------
     0 | D:1      | ZARRMARR the Gnoll Arcane Marksman began the quest for the
                  | Orb.
     0 | D:1      | Reached XP level 1. HP: 17/17 MP: 4/4
    69 | D:1      | Reached XP level 2. HP: 23/23 MP: 5/5
    72 | D:1      | Learned a level 2 spell: Slow
   576 | D:1      | Reached XP level 3. HP: 28/28 MP: 5/7
   786 | D:1      | Found Laos's Jewellery Boutique.
  1022 | D:2      | Reached skill level 1 in Invocations
  1223 | D:2      | Reached skill level 1 in Short Blades
  1223 | D:2      | Reached skill level 1 in Long Blades
  1223 | D:2      | Reached skill level 1 in Axes
  1223 | D:2      | Reached skill level 1 in Maces & Flails
  1223 | D:2      | Reached skill level 1 in Polearms
  1223 | D:2      | Reached skill level 1 in Staves
  1223 | D:2      | Reached skill level 1 in Slings
  1223 | D:2      | Reached skill level 1 in Crossbows
  1223 | D:2      | Reached skill level 1 in Throwing
  1223 | D:2      | Reached skill level 1 in Armour
  1223 | D:2      | Reached skill level 1 in Stealth
  1223 | D:2      | Reached skill level 1 in Shields
  1223 | D:2      | Reached skill level 1 in Unarmed Combat
  1223 | D:2      | Reached skill level 1 in Evocations
  1286 | D:2      | Noticed a phantom
  1310 | D:2      | Slain by a phantom

Illustrated notes

Levels and vault maps discovered:
D:1:      wander_arrival_desolate, layout_basic, serial_shops,
          nicolae_shop_statue_plus
D:2:      layout_basic, shapermc_ecumenical_altar_starsandcircs,
          minmay_splitting_lines

Skill      XL: |  1  2  3 |
---------------+----------+-----
Invocations    | 1 |  1.0
Short Blades   | 1 |  1.0
Long Blades    | 1 |  1.0
Axes           | 1 |  1.0
Maces & Flails | 1 |  1.0
Polearms       | 1 |  1.0
Staves         | 1 |  1.0
Slings         | 1 |  1.0
Crossbows      | 1 |  1.0
Throwing       | 1 |  1.0
Armour         | 1 |  1.0
Stealth        | 1 |  1.0
Shields        | 1 |  1.0
Unarmed Combat | 1 |  1.0
Evocations     | 1 |  1.0
Fighting       | |  2.6
Bows           | |  4.6
Dodging        | |  4.6
Spellcasting   | |  2.9
Conjurations   | |  0.7
Hexes          | |  5.4
Summonings     | |  0.7
Necromancy     | |  0.7
Translocations | |  0.7
Transmutations | |  0.7
Fire Magic     | |  0.7
Ice Magic      | |  0.7
Air Magic      | |  0.7
Earth Magic    | |  0.7
Poison Magic   | |  0.7

Action                   || total
-------------------------++-------
Melee: Short sword       ||    92
       Bite              ||     5
       Shortbow          ||     1
 Fire: Shortbow          ||    52
Throw: Stone             ||     1
 Cast: Corona            ||    15
  Use: Scroll            ||     1
       Potion            ||     1
Armor: Robe              ||    29
Dodge: Dodged            ||    79
